AoeStats
← Chigüiro

MegaRandom

509735730Analyzed
4v4 RM · 4d ago on Sep 27, 2026· 64m 21s· 8 players
Game mode
Random Map
Map size
Large (8 player)
Population
200
Speed
Normal
Resources
Standard
Victory
Conquest
Starting age
Dark Age
Ending age
Imperial Age
RankedLock teamsTeams togetherTeam positionsShared explorationLock speedFull tech treeHidden civsTurbo modeCheats
Victory
Defeat
🇺🇸 Poles · United States
1524
+17
1513
+17
🇦🇷 Turks · Argentina
1510
+18
🇵🇪 Georgians · Peru
1500
+18
🇹🇷 Burgundians · Türkiye
1606
-20
🇨🇴 Teutons · Colombia
1583
-19
🇭🇺 Sicilians · Hungary
1511
-16
🇩🇪 Huns · Germany
1481
-15
DraveczB
9:19 Loom
11:53 Feudal Age
16:14 Castle Age
14:25 Double-Bit Axe
14:21 Horse Collar
24:19 Wheelbarrow
24:57 Fletching
25:07 Padded Archer Armor
24:31 Crossbowman
25:10 Gold Mining
24:49 Elite Skirmisher
26:49 Bodkin Arrow
27:10 Padded Archer Armor
29:08 Stone Mining
30:03 Hand Cart
29:33 Town Watch
30:07 Bow Saw
34:43 Imperial Age
32:24 Squires
32:09 Gambesons
32:15 Arson
33:18 Leather Archer Armor
33:05 Scale Mail Armor
33:16 Forging
33:59 Heavy Plow
34:41 Chain Mail Armor
34:47 Elite Serjeant
35:47 Conscription
35:57 First Crusade
37:18 Plate Mail Armor
37:23 Iron Casting
38:44 Gold Shaft Mining
38:44 Stone Shaft Mining
38:10 Town Patrol
38:42 Capped Ram
38:42 Onager
39:41 Siege Ram
42:09 Scale Barding Armor
43:05 Blast Furnace
42:34 Husbandry
42:44 Bloodlines
41:55 Cavalier
43:00 Hauberk
43:38 Chain Barding Armor
46:05 Plate Barding Armor
62:42 Light Cavalry
Chigüiro
4:40 Loom
10:13 Feudal Age
12:14 Double-Bit Axe
14:40 Forging
19:22 Scale Barding Armor
24:44 Castle Age
23:19 Bloodlines
23:38 Fletching
24:20 Horse Collar
26:10 Chain Barding Armor
31:28 Gold Mining
33:59 Town Watch
35:32 Stone Mining
39:15 Imperial Age
38:02 Bodkin Arrow
38:58 Guard Tower
40:07 Iron Casting
39:57 Onager
40:19 Cavalier
43:39 Plate Barding Armor
43:49 Wheelbarrow
44:55 Pikeman
46:28 Squires
45:48 Halberdier
47:26 Scale Mail Armor
49:06 Blast Furnace
48:29 Gambesons
49:34 Heavy Plow
49:46 Bow Saw
52:49 Chemistry
51:56 Siege Engineers
52:09 Chain Mail Armor
55:09 Conscription
55:10 Ironclad
55:40 Caravan
55:51 Guilds
57:50 Crop Rotation
57:31 Arson
58:12 Capped Ram
62:45 Ballistics
63:36 Hand Cart
Theverat
7:44 Loom
10:39 Feudal Age
11:15 Double-Bit Axe
11:32 Town Watch
15:15 Forging
15:49 Bloodlines
16:32 Horse Collar
17:21 Scale Barding Armor
20:24 Wheelbarrow
19:47 Fletching
23:18 Castle Age
21:46 Padded Archer Armor
23:42 Gold Mining
25:14 Gold Shaft Mining
25:08 Bow Saw
26:29 Bodkin Arrow
28:52 Leather Archer Armor
30:05 Thumb Ring
30:56 Ballistics
34:19 Stone Mining
37:12 Heavy Plow
40:11 Imperial Age
37:57 Hand Cart
38:21 Town Patrol
39:38 Husbandry
38:59 Light Cavalry
40:03 Chain Barding Armor
40:19 Iron Casting
40:01 Marauders
41:38 Parthian Tactics
42:17 Heavy Cavalry Archer
43:44 Conscription
43:49 Atheism
45:33 Bracer
46:01 Hussar
51:17 Blast Furnace
59:50 Elite Skirmisher
nicetobeatyou
5:38 Loom
9:17 Feudal Age
9:48 Horse Collar
16:01 Wheelbarrow
19:53 Castle Age
18:33 Heavy Plow
18:22 Double-Bit Axe
19:30 Bow Saw
19:52 Scale Barding Armor
20:24 Forging
23:45 Husbandry
25:39 Cavalier
30:12 Hand Cart
30:58 Two-Man Saw
30:11 Gold Mining
31:03 Chain Barding Armor
33:01 Stone Mining
35:31 Crop Rotation
38:07 Imperial Age
36:27 Iron Casting
36:31 Stone Shaft Mining
36:31 Gold Shaft Mining
36:42 Town Watch
37:25 Fletching
38:30 Paladin
39:57 Plate Barding Armor
40:23 Blast Furnace
40:31 Chemistry
42:02 Conscription
42:32 Bodkin Arrow
42:48 Masonry
42:33 Elite Coustillier
43:46 Town Patrol
48:42 Light Cavalry
49:08 Light Cavalry
49:44 Hussar
61:17 Caravan
Random
8:17 Loom
10:17 Feudal Age
11:24 Double-Bit Axe
11:20 Horse Collar
13:41 Fletching
13:53 Gold Mining
14:28 Padded Archer Armor
14:50 Horse Collar
20:14 Wheelbarrow
22:52 Castle Age
22:57 Crossbowman
23:32 Bodkin Arrow
23:48 Bow Saw
24:19 Heavy Plow
29:01 Thumb Ring
31:59 Ballistics
31:55 Leather Archer Armor
36:45 Imperial Age
35:45 Scale Barding Armor
35:50 Forging
36:14 Town Watch
36:44 Hand Cart
36:34 Husbandry
37:27 Bloodlines
36:37 Light Cavalry
38:13 Conscription
39:24 Bracer
40:27 Chemistry
38:49 Winged Hussar
38:59 Arbalester
40:38 Chain Barding Armor
42:07 Lechitic Legacy
41:53 Szlachta Privileges
42:51 Iron Casting
42:23 Cavalier
45:13 Blast Furnace
45:16 Caravan
51:24 Masonry
58:20 Crop Rotation
57:57 Treadmill Crane
3Dominik
7:59 Loom
10:39 Feudal Age
18:22 Castle Age
19:52 Double-Bit Axe
23:26 Bow Saw
27:53 Scale Mail Armor
28:04 Forging
28:07 Pikeman
28:48 Squires
29:44 Wheelbarrow
28:55 Town Watch
32:15 Gambesons
33:00 Hand Cart
33:42 Stone Mining
38:01 Imperial Age
36:18 Scale Barding Armor
36:48 Iron Casting
37:43 Chain Barding Armor
39:20 Conscription
40:05 Blast Furnace
39:08 Husbandry
39:19 Bloodlines
40:50 Bloodlines
41:23 Plate Barding Armor
44:14 Chain Mail Armor
43:49 Fletching
43:59 Gold Mining
50:00 Arson
50:57 Stone Shaft Mining
52:49 Aznauri Cavalry
55:03 Elite Skirmisher
56:34 Ballistics
57:15 Chemistry
55:56 Treadmill Crane
56:26 Masonry
57:11 Horse Collar
59:21 Town Patrol
60:25 Coinage
59:57 Caravan
61:51 Hoardings
61:47 Halberdier
64:25 Bodkin Arrow
64:32 Padded Archer Armor
LVDB_NicolasRT
6:49 Loom
10:18 Feudal Age
11:02 Double-Bit Axe
11:19 Town Watch
13:50 Fletching
15:18 Horse Collar
24:16 Castle Age
24:39 Padded Archer Armor
24:54 Bodkin Arrow
25:54 Wheelbarrow
25:33 Bow Saw
25:40 Husbandry
26:17 Gold Mining
29:38 Ballistics
30:31 Bloodlines
32:10 Thumb Ring
34:46 Hand Cart
44:01 Imperial Age
42:33 Leather Archer Armor
44:18 Scale Barding Armor
44:24 Forging
44:37 Bracer
45:09 Ring Archer Armor
44:47 Scale Barding Armor
44:52 Forging
44:12 Heavy Cavalry Archer
45:17 Parthian Tactics
45:20 Caravan
45:36 Guilds
45:56 Coinage
50:19 Gold Shaft Mining
49:34 Stone Mining
51:11 Chain Barding Armor
51:27 Iron Casting
52:56 Banking
54:57 Plate Barding Armor
56:15 Artillery
58:14 Bombard Tower
我放了个屁她顺风追了
3:09 Loom
10:21 Feudal Age
15:00 Castle Age
13:53 Double-Bit Axe
14:21 Horse Collar
19:32 Wheelbarrow
25:51 Forging
26:44 Bloodlines
28:42 Scale Barding Armor
29:45 Husbandry
34:15 Imperial Age
32:31 Chain Barding Armor
33:18 Hand Cart
32:49 Town Watch
34:20 Gold Mining
34:21 Stone Mining
35:43 Plate Barding Armor
36:04 Caravan
36:00 Elite Jarl
37:21 Conscription
38:17 Iron Casting
37:34 Fletching
39:59 Blast Furnace
38:50 Fletching
41:57 Gothikon
43:19 Vendel Legacy
48:18 Ballistics
48:10 Masonry
48:44 Scale Mail Armor
48:57 Elite Varangian Guard
50:43 Chain Mail Armor
50:58 Squires
54:08 Bodkin Arrow
55:55 Plate Mail Armor
56:25 Heavy Plow
63:10 Treadmill Crane
63:50 Arson
Connection lost

Rejoining the realm…

Still unreachable

The connection could not be restored.

Session expired

The server has moved on; the page needs a fresh start.